 Dungeon Crawl Stone Soup version 0.23.1 (webtiles) character file.

Game seed: 633445578359366183

50 Kairos the Sneak (level 3, -1/18 HPs)
             Began as a Vine Stalker Assassin on Mar 17, 2019.
             Slain by a quokka (2 damage)
             ... on level 2 of the Dungeon.
             The game lasted 00:03:17 (1364 turns).

Kairos the Sneak (Vine Stalker Assassin)            Turns: 1364, Time: 00:03:18

Health: -1/18      AC:  3    Str: 12 (13) XL:     3   Next: 79%
Magic:  0/4        EV: 11    Int: 10 (11) God:
Gold:   48         SH:  3    Dex: 15 (16) Spells: 2/2 levels left

rFire    . . .     SeeInvis .   a - +2 dagger
rCold    . . .     Gourm    .   m - +0 buckler
rNeg     . . .     Faith    .   c - +0 robe
rPois    .         Spirit   +   (no helmet)
rElec    .         Reflect  .   d - +0 cloak
rCorr    .         Harm     .   (no gloves)
MR       .....                  (no boots)
Stlth    +++.......             (no amulet)
HPRegen  0.06/turn              (no ring)
MPRegen  0.09/turn              (no ring)

@: hasted, very quick
A: fangs 2, magic shield, antimagic bite, no potion heal 3, rot immunity
a: no special abilities


You were on level 2 of the Dungeon.
You were very hungry.

You visited 1 branch of the dungeon, and saw 2 of its levels.

You collected 48 gold pieces.

Inventory:

Hand Weapons
 a - a +2 dagger (weapon)
 b - a +0 blowgun
Missiles
 e - 8 poisoned needles
 f - 2 curare-tipped needles
Armour
 c - a +0 robe (worn)
 d - a +0 cloak (worn)
 m - a +0 buckler (worn)
Scrolls
 j - 4 scrolls of remove curse
 n - a scroll of immolation
Potions
 h - a potion of brilliance
 k - a potion of curing
Comestibles
 g - 2 rations


   Skills:
 + Level 2.0 Fighting
 + Level 1.9 Short Blades
 + Level 2.0 Throwing
 + Level 0.7 Dodging
 + Level 6.2 Stealth


You had 2 spell levels left.
You didn't know any spells.
Your spell library was empty.

Dungeon Overview and Level Annotations

Branches:
Dungeon (2/15)

Altars:

Annotations:
D:2 Terence


Innate Abilities, Weirdness & Mutations

You have extremely sharp teeth.
When hurt, damage is shared between your health and your magic reserves.
Your bite disrupts and absorbs the magic of your enemies.
Potions cannot restore your health.
You are immune to rotting.


Message History

You see here a fuming coppery potion.
o - a fuming coppery potion The quokka bites you.
* * * LOW HITPOINT WARNING * * *
The quokka bites you.
* * * LOW HITPOINT WARNING * * *
You hit the quokka but do no damage. The quokka closely misses you.
Okay, then.
It was a potion of curing.
That felt strangely inert.
The quokka bites you but does no damage.
It was a potion of haste.
You feel yourself speed up. The quokka bites you. x2
* * * LOW HITPOINT WARNING * * *
It was a potion of degeneration.
There was something very wrong with that liquid.
You feel weakened.
You feel dopey.
You feel clumsy. You block the quokka's attack.
It was a potion of heal wounds.
That seemed strangely inert.
You miss the quokka. You bite the quokka, but do no damage.
The quokka bites you.
You die...

#####.##### #.# #.#
##.##### #......# #..###.#
#.># #.# #####
######..###.#######
#...#####.@r@.............#
#.#........##.....#.#####.#
#...#####.####...##.# #.#
##.## #.# #..###.# ###)###
#.# #.# #......# #.....#
#%# #.. ♣.♣##### #.#.#.#
#.# ### #.'## #.#.... #.#
#♣.♣.## #.###.# #.####
#.....## #.....#


You could see Terence and a quokka.

Vanquished Creatures
  An adder (D:2)
  2 leopard geckos
  A ball python (D:1)
  2 giant cockroaches (D:1)
  6 hobgoblins (D:1)
  4 jackals (D:1)
  6 kobolds
  6 bats
  3 frilled lizards
  A goblin (D:1)
  5 rats (D:1)
37 creatures vanquished.

Notes
Turn   | Place    | Note
-------+----------+-------------------------------------------
     0 | D:1      | Kairos the Vine Stalker Assassin began the quest for the
                  | Orb.
     0 | D:1      | Reached XP level 1. HP: 11/11 MP: 2/2
    16 | D:1      | Reached skill level 5 in Stealth
    89 | D:1      | Reached XP level 2. HP: 15/15 MP: 3/3
   389 | D:1      | Reached XP level 3. HP: 6/18 MP: 0/4
  1209 | D:2      | Reached skill level 6 in Stealth
  1291 | D:2      | Noticed Terence
  1364 | D:2      | Slain by a quokka

Skill      XL: |  1  2  3 |
---------------+----------+-----
Stealth        | 5 6 |  6.2
Throwing       | 2 |  2.0
Fighting       | 2 |  2.0
Short Blades   | |  1.9
Dodging        | |  0.7

Action                   || total
-------------------------++-------
Melee: Dagger            ||    87
       Bite              ||    14
  Use: Potion            ||     4
       Scroll            ||     3
 Stab: Sleeping          ||    15
Armor: Robe              ||    25
Dodge: Dodged            ||    46
Block: Buckler           ||     4
